 Dungeon Crawl Stone Soup version 0.31.0-9-g3a7656b989 (webtiles) character file.

Game seed: 6847593804320854157

63 qw the Shooter (level 3, -3/18 HPs)
             Began as a Spriggan Hunter on Feb 2, 2024.
             Slain by an adder (4 damage)
             ... on level 2 of the Dungeon.
             The game lasted 00:00:03 (1016 turns).

qw the Shooter (Spriggan Hunter)                    Turns: 1016, Time: 00:00:04

Health: -3/18      AC:  2    Str:  7    XL:     3   Next: 89%
Magic:  4/4        EV: 19    Int: 10    God:
Gold:   67         SH:  0    Dex: 20    Spells: 2/2 levels left

rFire   . . .        a - +0 shortbow
rCold   . . .        (shield currently unavailable)
rNeg    . . .        c - +0 robe
rPois   .            (helmet restricted)
rElec   .            (no cloak)
rCorr   .            (gloves unavailable)
SInv    +            (boots unavailable)
Will    .....        (no amulet)
Stlth   ++           (no ring)
HPRegen 0.23/turn    (no ring)
MPRegen 0.09/turn

%: no passive effects
@: lethally poisoned (-3 -> -6), very quick
A: very small, no large weapons, unfitting armour, see invisible, speed 3
a: no special abilities


You were on level 2 of the Dungeon.
You visited 1 branch of the dungeon, and saw 2 of its levels.

You collected 67 gold pieces.


Innate Abilities, Weirdness & Mutations

You are very small and have problems with some larger weapons.
You are too small for most types of armour.
You have supernaturally acute eyesight. (SInv)
You cover ground extremely quickly. (Speed+++)


   Skills:
 - Level 1.5 Fighting
 - Level 5.0 Ranged Weapons
 + Level 4.0 Dodging
 - Level 1.5 Stealth


You had 2 spell levels left.
You didn't know any spells.
Your spell library was empty.

Inventory:

Hand Weapons
 a - a +0 shortbow (weapon)
Armour
 c - a +0 robe (worn)
Scrolls
 d - a scroll of amnesia {unknown}
Potions
 b - a potion of haste {unknown}
 g - a potion of curing {unknown}
 h - a potion of lignification {unknown}

Dungeon Overview and Level Annotations

Branches:
Dungeon (2/15)

Altars:
Dithmenos


Message History

You kill the adder!
Your Ranged Weapons skill increases to level 5!
999 ||| FLEEEEING.
1000 ||| FLEEEEING.
There is a stone staircase leading down here.
1001 ||| FLEEEEING.
1002 ||| FLEEEEING.
1003 ||| FLEEEEING.
1004 ||| FLEEEEING.
There is a stone staircase leading down here.
1005 ||| FLEEEEING.
1006 ||| FLEEEEING.
You shoot an arrow. The arrow hits the adder.
The adder is lightly wounded.
You shoot an arrow. The arrow closely misses the adder.
The adder bites you.
You are poisoned.
The adder poisons you!
You shoot an arrow. The arrow hits the adder.
The adder is moderately wounded.
You feel sick. The adder completely misses you.
You shoot an arrow. The arrow hits the adder.
The adder is heavily wounded.
You feel sick. The adder misses you. The adder bites you.
You shoot an arrow. The arrow closely misses the adder.
You feel sick. The adder barely misses you.
You shoot an arrow. The arrow hits the adder.
The adder is heavily wounded.
You feel sick. The adder barely misses you. The adder closely misses you.
You shoot an arrow. The arrow misses the adder.
You feel sick. The adder bites you.
You are lethally poisoned!
The adder poisons you!
You shoot an arrow. The arrow barely misses the adder.
You feel sick. The adder barely misses you. The adder completely misses you.
You shoot an arrow. The arrow misses the adder.
You feel sick. The adder bites you.
You shoot an arrow. The arrow completely misses the adder.
You feel sick. The adder misses you. The adder bites you.
You die...

.# #.# #.# #.# #.#
#># #.# #.# #.# #.#
### #.# #.#
..######.## #>#
..........# #S#
....#.#...# #@#
..%...#...# #.#
....#.#..## #.#
...##.#<.#######.##
...##.............#
.#.####..#.#####..#
#..## #.>#.# #..#
##..###....# #..#
##..##..#.#####.<#


You could see an adder.

Vanquished Creatures
  2 adders (D:2)
  3 dart slugs
  2 bats (D:1)
  2 endoplasms (D:1)
  3 giant cockroaches (D:1)
  5 goblins (D:1)
  2 hobgoblins (D:1)
  2 jackals (D:1)
  6 kobolds (D:1)
  3 quokkas
  3 frilled lizards
  3 rats
36 creatures vanquished.

Notes
Turn   | Place    | Note
-------+----------+-------------------------------------------
     0 | D:1      | qw the Spriggan Hunter began the quest for the Orb.
     0 | D:1      | Reached XP level 1. HP: 10/10 MP: 2/2
     0 | D:1      | 0 ||| qw: Version: 0.3-a-155-g5e7d8dd
     0 | D:1      | 0 ||| qw: Game counter: 60
     0 | D:1      | 0 ||| qw: Melee chars always use a shield: true
     0 | D:1      | 0 ||| qw: God list: Okawaru
     0 | D:1      | 0 ||| qw: Allow faded altars: false
     0 | D:1      | 0 ||| qw: Do Orc after clearing Dungeon:15 true
     0 | D:1      | 0 ||| qw: Do second Lair branch before Depths: true
     0 | D:1      | 0 ||| qw: Lair rune preference: random
     0 | D:1      | 0 ||| qw: Goals: Normal
     0 | D:1      | 0 ||| PLANNING D:1-11
    26 | D:1      | Reached skill level 3 in Dodging
    70 | D:1      | Reached XP level 2. HP: 14/14 MP: 3/3
   448 | D:1      | Reached XP level 3. HP: 18/18 MP: 4/4
   572 | D:1      | 572 ||| READING scroll labelled RARPHA VUQIUSMA.
   573 | D:1      | 573 ||| READING scroll labelled VEOJIE POBROGI.
   574 | D:1      | 574 ||| DRINKING 3 lumpy cyan potions.
   575 | D:1      | 575 ||| DROPPING scroll of butterflies.
   576 | D:1      | 576 ||| DROPPING 2 potions of attraction.
   652 | D:2      | Found a shadowy altar of Dithmenos.
   999 | D:2      | Reached skill level 5 in Ranged Weapons
   999 | D:2      | 999 ||| FLEEEEING.
  1000 | D:2      | 1000 ||| FLEEEEING.
  1001 | D:2      | 1001 ||| FLEEEEING.
  1002 | D:2      | 1002 ||| FLEEEEING.
  1003 | D:2      | 1003 ||| FLEEEEING.
  1004 | D:2      | 1004 ||| FLEEEEING.
  1005 | D:2      | 1005 ||| FLEEEEING.
  1006 | D:2      | 1006 ||| FLEEEEING.
  1015 | D:2      | HP: 3/18 [poisoned by an adder]
  1016 | D:2      | HP: 1/18 [poisoned by an adder]
  1016 | D:2      | Slain by an adder

Levels and vault maps discovered:
D:1:      mrwooster_arrival_statue_3, layout_basic, minmay_close_crescents
D:2:      kennysheep_six_static_rooms, layout_loops_ring, basic_altar,
          minmay_rat_hole

Skill      XL: |  1  2  3 |
---------------+----------+-----
Dodging        | 3 4 |  4.0
Ranged Weapons | 5 |  5.0
Fighting       | |  1.5
Stealth        | |  1.5

Action                     || total
---------------------------++-------
   Fire: Shortbow          ||   128
    Use: Scroll            ||     2
         Potion            ||     1
 Armour: Robe              ||    25
  Dodge: Dodged            ||    54

Table legend:
 A = Non-vault XP
 B = Vault XP
 C = Vault XP percentage of total XP
 D = Non-vault monster count
 E = Vault monster count
 F = Vault count percentage of total count
                 A         B        C        D         E       F
            +---------+---------+-------+---------+---------+-------
      Total |      86 |       5 |   5.5 |      33 |       3 |   8.3
            +---------+---------+-------+---------+---------+-------
        D:1 |      49 |       5 |   9.3 |      25 |       3 |  10.7
        D:2 |      37 |       0 |   0.0 |       8 |       0 |   0.0
            +---------+---------+-------+---------+---------+-------
